 Dungeon Crawl Stone Soup version 0.19.5 (webtiles) character file.

8558 spiff the Reanimator (level 11, 0/81 HPs)
             Began as a Mummy Necromancer on Apr 5, 2017.
             Was an Initiate of Gozag.
             Slain by a wolf (2 damage)
             ... on level 1 of the Lair of Beasts.
             The game lasted 00:47:56 (15520 turns).

spiff the Reanimator (Mummy Necromancer)           Turns: 15520, Time: 00:47:57

Health: 0/81       AC:  7    Str: 11    XL:     11   Next: 11%
Magic:  24/24      EV: 14    Int: 18    God:    Gozag
Gold:   1277       SH:  0    Dex: 13    Spells: 2 memorised, 24 levels left

rFire  x . .     SeeInvis +     c - +1 short sword (elec)
rCold  + . .     Gourm    .     a - +0 robe
rNeg   + + +     Faith    .     (no shield)
rPois  ∞         Spirit   .     q - +1 helmet
rElec  .         Reflect  .     (no cloak)
rCorr  .         Harm     .     d - +1 pair of gloves
MR     ++...                    m - +0 pair of boots
Stlth  +++.......               (no amulet)
                                w - ring of see invisible
                                j - ring of protection from magic

@: no status effects
A: no food or potions, fire vulnerability, cold resistance 1, negative energy
resistance 3, torment resistance, unbreathing
a: Potion Petition, Call Merchant, Bribe Branch, Renounce Religion


You were on level 1 of the Lair of Beasts.
You worshipped Gozag.
Gozag was most pleased with you.
You were not hungry.

You visited 2 branches of the dungeon, and saw 12 of its levels.

You collected 2138 gold pieces.
You paid 861 gold pieces to Gozag.

Inventory:

Hand Weapons
 c - a +1 short sword of electrocution (weapon)
 s - the +1 spear of the Cup {speed, +Fly}
   (You found it on level 9 of the Dungeon)

   Attacks with this weapon are significantly faster.
   It lets you fly.
Armour
 a - a +0 robe (worn)
 d - a +1 pair of gloves (worn)
 m - a +0 pair of boots (worn)
 q - a +1 helmet (worn)
Jewellery
 j - a ring of protection from magic (left hand)
 u - an uncursed ring of protection from fire
 v - an uncursed ring of protection from cold
 w - a ring of see invisible (right hand)
Wands
 l - a wand of lightning (12/15)
 n - a wand of flame (30/48)
 o - a wand of teleportation (7/9)
 p - a wand of slowing (25/48)
Scrolls
 e - 2 scrolls of recharging
 f - a scroll of enchant armour
 g - 8 scrolls of identify
 h - 4 scrolls of amnesia
 i - a scroll of noise
 k - 8 scrolls of remove curse
 r - 4 scrolls of teleportation
 t - 2 scrolls of enchant weapon
 x - a scroll of random uselessness {unknown}
Books
 b - a book of Necromancy

   Spells                             Type                      Level
   a - Pain                           Necromancy                   1
   b - Animate Skeleton               Necromancy                   1
   c - Vampiric Draining              Necromancy                   3
   d - Regeneration                   Charms/Necromancy            3
   e - Animate Dead                   Necromancy                   4
   f - Control Undead                 Necromancy                   4


   Skills:
 - Level 6.0 Fighting
 - Level 4.0 Dodging
 - Level 5.0 Stealth
 + Level 9.3 Spellcasting
 + Level 11.4 Necromancy


You had 24 spell levels left.
You knew the following spells:

 Your Spells              Type           Power        Failure   Level  Hunger
a - Pain                  Necr           ####         1%          1    N/A
b - Vampiric Draining     Necr           #####.....   1%          3    N/A

Dungeon Overview and Level Annotations

Branches:
Dungeon (10/15)            Temple (0/1) D:6            Lair (2/6) D:9
  Swamp: Lair:2-4    Shoals: Lair:2-4     Snake: Lair:2-4    Spider: Lair:2-4
    Orc: D:9-12

Altars:
Dithmenos
Elyvilon
Gozag
Makhleb
Nemelex Xobeh
Uskayaw
The Shining One

Shops:
D:6 :   D:9 !:*=   D:10 [!

Annotations:
Lair:1 DrClinical's ghost, novice HOBe
Lair:2 Kalibur's ghost, journeyman HOFi


Innate Abilities, Weirdness & Mutations

You do not eat or drink.
Your flesh is vulnerable to fire.
You are immune to poison.
Your flesh is cold resistant. (rC+)
You are immune to negative energy. (rN+++)
You are immune to unholy pain and torment.
You can survive without breathing.


Message History

You barely miss the wolf.
The wolf is moderately wounded.
The wolf closely misses you. The wolf bites you. DrClinical's ghost hits you!!
The wolf bites you. The wolf misses you.
The basilisk bites you but does no damage.
DrClinical's ghost hits you!
* * * LOW HITPOINT WARNING * * *
The wolf bites you.
* * * LOW HITPOINT WARNING * * *
The wolf bites you but does no damage. The wolf barely misses you.
The wolf misses you. The wolf bites you.
* * * LOW HITPOINT WARNING * * *
The wolf closely misses you. The wolf bites you!
* * * LOW HITPOINT WARNING * * *
The wolf bites you.
You die...
Your body crumbles into a pile of gold.

#.....# ####...##...
#.....# ####......##...
##....## ##.........###..
#.....####...........#.l#
#...#..##...........#..#.
##.###..............#.###
### ##...............# #
###................# #
###....@h.....>....#####
#....###h.Wl..........##
#....# #####............
#...## #.##P..###....
#..## ## ##..# #.... #..#
#..## ###.. #..# #.## #..
#.## #. #.. .. .. #..


You could see a basilisk, 2 wolves and DrClinical's ghost.

Vanquished Creatures
  Sonja (Lair:1)
  A manticore (D:10)
  Psyche (D:10)
  Prince Ribbit (D:6)
  A hippogriff (Lair:1)
  A wyvern (D:10)
  4 hungry ghosts
  A water moccasin (Lair:1)
  4 porcupines
  A sky beast (D:8)
  An eye of draining (D:8)
  5 orc warriors
  A phantom (D:8)
  A wolf (Lair:2)
  8 centaurs
  7 ogres
  4 crocodiles
  A big kobold (D:9)
  9 bullfrogs
  A wyvern zombie (D:7)
  A water moccasin zombie (D:7)
  3 scorpions
  5 killer bees (D:8)
  8 wights
  A howler monkey (D:9)
  5 crimson imps
  A bullfrog zombie (D:8)
  4 hounds
  A quasit (D:10)
  5 orc wizards
  A bullfrog skeleton (D:9)
  13 orc priests
  3 jellies (D:8)
  Natasha (thrice) (D:2)
  Terence (D:3)
  4 iguanas
  10 worker ants
  A killer bee zombie (D:8)
  3 hound zombies
  2 hound skeletons
  7 gnolls
  13 adders
  A river rat (D:6)
  A shadow imp (D:5)
  7 oozes
  An adder zombie (D:3)
  4 adder skeletons
  6 worms
  A dart slug (D:2)
  8 leopard geckos
  42 orcs
  6 giant cockroaches
  6 goblins
  10 hobgoblins
  4 jackals
  18 kobolds
  3 quokkas
  4 ball pythons
  8 bats
  6 frilled lizards
  A leopard gecko zombie (D:8)
  A quokka skeleton (D:4)
  11 rats
298 creatures vanquished.

Vanquished Creatures (others)
  A plant (Lair:2)
1 creature vanquished.

Grand Total: 299 creatures vanquished

Notes
Turn   | Place    | Note
-------+----------+-------------------------------------------
     0 | D:1      | spiff the Mummy Necromancer began the quest for the Orb.
     0 | D:1      | Reached XP level 1. HP: 13/13 MP: 3/3
   329 | D:1      | Reached XP level 2. HP: 19/19 MP: 1/5
   341 | D:1      | Learned a level 1 spell: Animate Skeleton
  1249 | D:2      | Noticed Natasha
  1272 | D:2      | Reached XP level 3. HP: 21/24 MP: 5/7
  1822 | D:2      | Found a shadowy altar of Dithmenos.
  1833 | D:2      | Found a hide-covered altar of Uskayaw.
  1947 | D:2      | Killed Natasha
  1947 | D:2      | Reached XP level 4. HP: 21/30 MP: 4/8
  2122 | D:2      | Noticed Natasha
  2129 | D:2      | Killed Natasha
  2129 | D:2      | Reached skill level 5 in Necromancy
  2199 | D:2      | Learned a level 3 spell: Vampiric Draining
  2577 | D:3      | Reached XP level 5. HP: 33/35 MP: 2/10
  3015 | D:2      | Noticed Natasha
  3272 | D:2      | Killed Natasha
  3528 | D:3      | Noticed Terence
  3899 | D:4      | Noticed an ogre
  4009 | D:4      | Found an opulent altar of Gozag.
  4026 | D:4      | Became a worshipper of Gozag Ym Sagoz the Greedy
  4030 | D:4      | Noticed an ogre
  4085 | D:3      | Killed Terence
  4097 | D:3      | Reached XP level 6. HP: 29/41 MP: 3/12
  4117 | D:3      | Reached skill level 6 in Necromancy
  4443 | D:3      | HP: 2/41 [orc/whip (1)]
  4732 | D:4      | Reached skill level 5 in Spellcasting
  4757 | D:4      | Reached XP level 7. HP: 4/46 MP: 1/14
  5056 | D:4      | Reached skill level 7 in Necromancy
  5862 | D:4      | Reached skill level 8 in Necromancy
  5920 | D:4      | Found a burning altar of Makhleb.
  6246 | D:4      | Reached skill level 1 in Fighting
  6300 | D:5      | Entered Level 5 of the Dungeon
  6553 | D:5      | Reached XP level 8. HP: 42/56 MP: 6/15
  7731 | D:6      | Noticed Prince Ribbit
  7743 | D:6      | Killed Prince Ribbit
  8193 | D:6      | Reached skill level 5 in Fighting
  8291 | D:6      | Reached XP level 9. HP: 68/68 MP: 16/16
  8867 | D:6      | Found a staircase to the Ecumenical Temple.
  9000 | D:6      | Reached skill level 5 in Stealth
  9568 | D:7      | Noticed a komodo dragon
  9604 | D:7      | Found a sparkling altar of Nemelex Xobeh.
  9605 | D:7      | Found a glowing golden altar of the Shining One.
  9667 | D:7      | Found a white marble altar of Elyvilon.
 11038 | D:8      | Reached skill level 9 in Necromancy
 11633 | D:8      | Reached XP level 10. HP: 76/76 MP: 15/20
 12943 | D:9      | Reached skill level 10 in Necromancy
 13092 | D:9      | Found Popev's Jewellery Boutique.
 13094 | D:9      | Found Iremoc's Assorted Antiques.
 13096 | D:9      | Found Ytywn's Book Boutique.
 13096 | D:9      | Found Keduam's Distillery.
 13325 | D:9      | Got a pitted spear
 13326 | D:9      | Identified the cursed +1 spear of the Cup {speed, +Fly} (You found it on level 9 of the Dungeon)
 13440 | D:9      | Found a staircase to the Lair.
 13466 | D:10     | Entered Level 10 of the Dungeon
 13483 | D:10     | Noticed Psyche
 13492 | D:10     | Killed Psyche
 13723 | D:10     | Found Luufy's Armour Emporium.
 13815 | D:10     | Noticed a hill giant
 13882 | D:10     | Noticed a manticore
 13895 | D:10     | Killed a manticore
 14108 | D:10     | Noticed a hill giant
 14227 | D:10     | Found Suiheos's Distillery.
 14376 | D:10     | Reached skill level 11 in Necromancy
 14535 | D:10     | Noticed a hill giant
 14561 | Lair:1   | Entered Level 1 of the Lair of Beasts
 14776 | Lair:1   | Noticed Sonja
 14814 | Lair:1   | Killed Sonja
 14814 | Lair:1   | Reached XP level 11. HP: 48/81 MP: 13/24
 15125 | Lair:1   | Noticed DrClinical's ghost (novice HOBe)
 15251 | Lair:2   | Noticed Kalibur's ghost (journeyman HOFi)
 15519 | Lair:1   | HP: 2/81 [wolf (8)]
 15520 | Lair:1   | Slain by a wolf

Skill      XL: |  1  2  3  4  5  6  7  8  9 10 |
---------------+-------------------------------+-----
Spellcasting   | 3 4 5 6 9 |  9.3
Necromancy     | 5 6 8 9 11 | 11.4
Fighting       | 2 5 6 |  6.0
Dodging        | 2 4 |  4.0
Stealth        | 4 5 |  5.0

Action                   |  1- 3 |  4- 6 |  7- 9 | 10-12 || total
-------------------------+-------+-------+-------+-------++-------
Melee: Dagger            |    24 |    27 |       |       ||    51
       Unarmed           |     4 |       |       |       ||     4
       Short sword       |       |    17 |   205 |   163 ||   385
       Spear             |       |       |       |    14 ||    14
 Cast: Pain              |    68 |   124 |   349 |   145 ||   686
       Animate Skeleton  |     5 |       |       |       ||     5
       Vampiric Draining |       |    11 |    14 |    30 ||    55
Invok: Call Merchant     |       |       |     1 |       ||     1
       Potion Petition   |       |       |       |     1 ||     1
Evoke: Wand              |       |       |     1 |       ||     1
  Use: Scroll            |       |     8 |     6 |     5 ||    19
 Stab: Sleeping          |     2 |       |     4 |     1 ||     7
       Distracted        |       |       |     1 |       ||     1
Armor: Robe              |    17 |    12 |    69 |    71 ||   169
Dodge: Dodged            |    51 |    51 |   207 |   177 ||   486
